 Dungeon Crawl Stone Soup version 0.30-a0-54-g2e61a25929 (webtiles) character file.

Game seed: 18013241964437250642

375 iamoutofideas the Digger (level 7, -4/50 HPs)
             Began as a Meteoran Earth Elementalist on Sept 8, 2022.
             Was an Initiate of Vehumet.
             Killed from afar by a white imp (14 damage)
             ... with a puff of frost
             ... on level 5 of the Dungeon.
             The game lasted 00:05:46 (2414 turns).

iamoutofideas the Digger (MeEE)                     Turns: 2414, Time: 00:05:47

Health: -4/50      AC:  2    Str:  9 (12) XL:     7   Next: 24%
Magic:  11/17      EV: 12    Int: 18 (21) God:    Vehumet [......]
Gold:   229        SH:  0    Dex: 13 (14) Spells: 6/18 levels left

rFire   . . .      SeeInvis .    e - +2 dagger (elec)
rCold   . . .      Faith    .    (no shield)
rNeg    . . .      Spirit   .    a - +0 robe
rPois   .          Reflect  .    (no helmet)
rElec   .          Harm     .    (no cloak)
rCorr   .          Rampage  .    (no gloves)
Will    .....                    (no boots)
Stlth   +.........               j - amulet of regeneration
HPRegen 0.96/turn                (no ring)
MPRegen 0.15/turn                (no ring)

@: glowing
A: sense surroundings 1, otherworldly, glowing, explore regen, clever 1, strong
1, wild magic 1
a: Renounce Religion


You were on level 5 of the Dungeon.
You worshipped Vehumet.
Vehumet was noncommittal.
You visited 2 branches of the dungeon, and saw 6 of its levels.

You collected 229 gold pieces.

Inventory:

Hand Weapons
 e - a +2 dagger of electrocution (weapon)
Missiles
 c - 61 stones
 n - a throwing net
Armour
 a - a +0 robe (worn)
 o - an orb of guile
Jewellery
 j - an amulet of regeneration (around neck)
Scrolls
 d - a scroll of amnesia
 f - a scroll of enchant weapon {unknown}
 g - a scroll of poison
 i - 2 scrolls of teleportation
 l - a scroll of enchant armour {unknown}
 q - a scroll of vulnerability
Potions
 b - 3 potions of magic
 m - 4 potions of curing {unknown}
 p - a potion of might
 s - a potion of ambrosia {unknown}


   Skills:
 - Level 0.1 Fighting
 - Level 2.4 Dodging
 + Level 1.8 Stealth
 * Level 6.3 Spellcasting
 + Level 1.2 Transmutations
 + Level 6.3 Earth Magic


You had 6 spell levels left.
You knew the following spells:

 Your Spells              Type           Power      Damage    Failure   Level
a - Sandblast             Erth           72%        2d16      1%          1
b - Blink                 Tloc           14%        N/A       24%         2
c - Stone Arrow           Conj/Erth      44%        3d9       14%         3
d - Hailstorm             Conj/Ice       7%         3d4       82%         4
e - Static Discharge      Conj/Air       14%        3-4/arc   24%         2

Your spell library contained the following spells:

 Spells                   Type           Power      Damage    Failure   Level
 Passwall                 Tmut/Erth      20%        N/A       6%          2
 Freeze                   Ice            28%        1d5       17%         1
 Petrify                  Tmut/Erth      25%        N/A       32%         4
 Frozen Ramparts          Ice            14%        1d3       43%         3
 Lesser Beckoning         Tloc           7%         N/A       43%         3
 Dispel Undead            Necr           7%         3d8       82%         4
 Sticky Flame             Conj/Fire      7%         2d3       82%         4
 Manifold Assault         Tloc           7%         N/A       98%         5


Dungeon Overview and Level Annotations

Branches:
Dungeon (5/15) Zot: 689    Temple (1/1) D:4 Zot: 445

Altars:
Ashenzari
Cheibriados
Elyvilon
Fedhas
Gozag
Hepliaklqana
Kikubaaqudgha
Makhleb
Nemelex Xobeh
Okawaru
Trog
Vehumet
Xom
Yredelemnul
Zin
The Shining One

Shops:
D:3 (

Annotations:
D:4 Pikel


Innate Abilities, Weirdness & Mutations

You passively map a small area around you.
You are easily found by Zot.
You glow in the dark.
You regain HP and MP as you explore.
Your mind is acute. (Int +4, Str/Dex -1)
Your muscles are strong. (Str +4, Int/Dex -1)
Your spells are a little harder to cast, but a little more powerful.


Message History

Aim: an orc, wielding a +0 whip (84% to hit)
The blast of sand hits the orc!!
You kill the orc!
Vehumet accepts your kill.
The orc wizard hits you but does no damage.
Casting: Sandblast (safe; 1% risk of failure)
Confirm with . or Enter, or press ? or * to list all spells.
Aiming: Sandblast (safe; 1% risk of failure)
Press: ? - help, Shift-Dir - straight line, f - white imp
Aim: a white imp (84% to hit)
The blast of sand hits the white imp but does no damage.
The white imp hits you. The white imp freezes you.
The orc wizard hits you with a +0 dagger.
The orc hits you with a +0 hand axe.
Unknown command.
Casting: Sandblast (safe; 1% risk of failure)
Confirm with . or Enter, or press ? or * to list all spells.
Aiming: Sandblast (safe; 1% risk of failure)
Press: ? - help, Shift-Dir - straight line, f/p - white imp
Aim: a white imp (84% to hit)
The blast of sand hits the white imp.
The white imp is heavily wounded.
The orc wizard hits you with a +0 dagger.
The white imp hits you. The white imp freezes you.
The orc hits you with a +0 hand axe. The white imp misses you.
The orc wizard hits you with a +0 dagger.
The orc hits you with a +0 hand axe.
* * * LOW HITPOINT WARNING * * *
Casting: Sandblast (safe; 1% risk of failure)
Confirm with . or Enter, or press ? or * to list all spells.
Aiming: Sandblast (safe; 1% risk of failure)
Press: ? - help, Shift-Dir - straight line, f/p - white imp
Aim: a white imp (heavily wounded, 84% to hit)
The blast of sand hits the white imp.
The white imp is almost dead.
The orc wizard hits you with a +0 dagger.
* * * LOW HITPOINT WARNING * * *
The white imp gestures at you. The puff of frost hits you!
You die...

,, , , , ,
, , , , *
, ,,* *
*#######..
*
#........
*,
#@5......
* ,
#oo......
,* * * *
#........
* ,*
#........
, ,
#........
,*
#........
* * * *
#........
#........
*


You could see an orc wizard, a white imp and an orc.

Vanquished Creatures
  Sigmund (D:3)
  A lemure (D:5)
  A kobold brigand (D:3)
  An orc priest (D:4)
  An iguana (D:4)
  3 adders (D:2)
  3 worms
  A dart slug (D:3)
  4 orcs
  6 ball pythons
  3 bats
  An endoplasm (D:1)
  A giant cockroach (D:1)
  A goblin (D:1)
  4 hobgoblins
  2 jackals (D:1)
  22 kobolds
  A quokka (D:1)
  3 frilled lizards
  3 rats
  A spectral hobgoblin (D:1)
64 creatures vanquished.

Vanquished Creatures (others)
  23 plants (D:4)
23 creatures vanquished.

Grand Total: 87 creatures vanquished

Notes
Turn   | Place    | Note
-------+----------+-------------------------------------------
     0 | D:1      | iamoutofideas the Meteoran Earth Elementalist began the
                  | quest for the Orb.
     0 | D:1      | Reached XP level 1. HP: 14/14 MP: 5/5
    99 | D:1      | Reached XP level 2. HP: 20/20 MP: 5/7
   410 | D:1      | Reached XP level 3. HP: 22/25 MP: 5/9
   414 | D:1      | Found a faded altar of an unknown god.
   738 | D:2      | Reached XP level 4. HP: 33/33 MP: 8/10
   896 | D:2      | Found a broken altar of Ashenzari.
   932 | D:2      | Learned a level 2 spell: Blink
   936 | D:2      | Learned a level 3 spell: Stone Arrow
   941 | D:2      | Learned a level 4 spell: Hailstorm
  1081 | D:2      | Glimpsed the power of Zot.
  1339 | D:3      | Noticed Sigmund
  1345 | D:3      | Killed Sigmund
  1346 | D:3      | Reached skill level 5 in Spellcasting
  1346 | D:3      | Reached skill level 5 in Earth Magic
  1346 | D:3      | Reached XP level 5. HP: 33/38 MP: 7/14
  1346 | D:3      | Reached XP level 6. HP: 40/45 MP: 7/15
  1384 | D:3      | Found an opulent altar of Gozag.
  1458 | D:3      | Found Acieti's Antique Weapon Emporium.
  1935 | D:3      | Learned a level 2 spell: Static Discharge
  1946 | D:3      | Reached XP level 7. HP: 11/50 MP: 11/17
  1947 | D:3      | Gained mutation: Your spells are a little harder to cast,
                  | but a little more powerful. [potion of mutation]
  1947 | D:3      | Gained mutation: Your mind is acute. (Int +4, Str/Dex -1)
                  | [potion of mutation]
  1947 | D:3      | Gained mutation: Your muscles are strong. (Str +4, Int/Dex
                  | -1) [potion of mutation]
  2230 | D:4      | Found a staircase to the Ecumenical Temple.
  2235 | D:4      | Noticed Pikel
  2238 | Temple   | Entered the Ecumenical Temple
  2367 | Temple   | Became a worshipper of Vehumet
  2407 | D:5      | Entered Level 5 of the Dungeon
  2414 | D:5      | Killed from afar by a white imp

Illustrated notes

Levels and vault maps discovered:
D:1:      onia_arrival_mini_maze_b, layout_basic,
          dreamdust_ecumenical_altar_drowned_temple
D:2:      layout_basic, basic_altar, dk_noncrumbling_3, due_unseen_surprise
D:3:      layout_rooms, mainiacjoe_overflow_surrounded_room, serial_shops,
          nicolae_shop_advertising_works [nicolae_subvault_shop_adworks],
          minmay_misc_feat_five, hangedman_decor_clover_reticule, uniq_sigmund
D:4:      kennysheep_kobold_camp, layout_loops_ring, marbit_many_paths,
          evilmike_ruin_ashenzari, minmay_temple_entry_ruins, uniq_pikel
D:5:      layout_basic, minmay_shop_damaged, serial_park_tiny_pond, uniq_ijyb
Temple:   nicolae_temple_ecumenical_triangle

Skill      XL: |  1  2  3  4  5  6 |
---------------+-------------------+-----
Spellcasting   | 3 5 6 |  6.3
Earth Magic    | 4 5 6 |  6.3
Fighting       | |  0.1
Dodging        | |  2.4
Stealth        | |  1.8
Transmutations | |  1.2

Action                   |  1- 3 |  4- 6 |  7- 9 || total
-------------------------+-------+-------+-------++-------
Melee: Unarmed           |     1 |     2 |       ||     3
       Dagger            |       |       |     1 ||     1
 Cast: Sandblast         |    26 |    45 |    24 ||    95
  Use: Scroll            |       |       |     5 ||     5
       Potion            |       |       |     3 ||     3
Armor: Robe              |     2 |     5 |     2 ||     9
Dodge: Dodged            |     3 |    17 |    10 ||    30

Table legend: (Time is in decaauts)
 A = Elapsed time spent in this place.
 B = Non-inter-level travel time spent in this place.
 C = Inter-level travel time spent in this place.
 D = Time resting spent in this place.
 E = Time spent auto-exploring this place.
 F = Levels seen in this place.
 G = Mean time per level.
                   A        B        C        D        E       F      G
               +--------+--------+--------+--------+--------+-----+--------+
         Total |   2463 |   2407 |     56 |    492 |   1396 |   6 |  410.5 |
       Dungeon |   2308 |   2265 |     43 |    392 |   1388 |   5 |  461.6 |
        Temple |    154 |    141 |     13 |    100 |      8 |   1 |  154.0 |
               +--------+--------+--------+--------+--------+-----+--------+

Top non-repeatable levels by time:
     D:3: 903 daAuts
     D:2: 608 daAuts
     D:1: 519 daAuts
     D:4: 267 daAuts
  Temple: 154 daAuts
     D:5: 9 daAuts
